AoeStats
← Granas

Arabia

506379193Analyzed
1v1 RM · 18d ago on Sep 13, 2026· 40m 50s· 2 players
Game mode
Random Map
Map size
Tiny (2 player)
Population
200
Speed
Normal
Resources
Standard
Victory
Conquest
Starting age
Dark Age
Ending age
Imperial Age
RankedLock teamsTeams togetherTeam positionsShared explorationLock speedFull tech treeHidden civsTurbo modeCheats
Victory
Defeat
🇩🇪 Franks · Germany
855
+27
🇳🇱 Vietnamese · Netherlands
848
-16
FreshBoy123
9:51 Loom
11:48 Feudal Age
14:43 Double-Bit Axe
15:37 Wheelbarrow
20:23 Scale Mail Armor
21:42 Forging
28:12 Castle Age
28:10 Horse Collar
28:25 Pikeman
29:22 Chain Mail Armor
30:05 Bow Saw
30:22 Heavy Plow
31:16 Iron Casting
31:48 Hand Cart
31:26 Town Watch
32:44 Gold Mining
33:57 Scale Barding Armor
35:15 Chain Barding Armor
Granas
6:28 Loom
8:57 Feudal Age
10:25 Double-Bit Axe
18:33 Wheelbarrow
21:14 Castle Age
20:03 Forging
23:10 Husbandry
23:03 Light Cavalry
26:17 Gold Mining
28:08 Gold Shaft Mining
27:45 Scale Barding Armor
28:15 Iron Casting
28:45 Bow Saw
31:20 Hand Cart
30:58 Crossbowman
31:49 Fletching
34:26 Elite Skirmisher
39:14 Imperial Age
39:16 Cavalier
39:40 Capped Ram
Connection lost

Rejoining the realm…

Still unreachable

The connection could not be restored.

Session expired

The server has moved on; the page needs a fresh start.